 Dungeon Crawl Stone Soup version 0.30-a0-571-gdf30a72648 (webtiles) character file.

Game seed: 3975992995734198223

125433 arthad the Geomancer (level 16, -3/96 HPs)
             Began as a Gargoyle Earth Elementalist on Dec 29, 2022.
             Was an Initiate of Gozag.
             Slain by a white very ugly thing (15 damage)
             ... in an ice cave on Dec 30, 2022.
             The game lasted 01:45:36 (29628 turns).

arthad the Geomancer (Gargoyle Earth Elementalist) Turns: 29628, Time: 01:45:37

Health: -3/96      AC: 22    Str: 12    XL:     16   Next: 95%
Magic:  31/31      EV: 15    Int: 34    God:    Gozag
Gold:   944        SH:  0    Dex: 16    Spells: 5/38 levels left

rFire   . . .      SeeInvis +    V - staff of cold
rCold   + + .      Faith    .    f - +1 buckler {rC+}
rNeg    + + .      Spirit   .    a - +0 steam dragon scales
rPois   ∞          Reflect  .    U - +0 mask of the Dragon {Will+ Slay+3 SInv}
rElec   +          Harm     .    W - scarf {shadows}
rCorr   .          Rampage  .    y - +0 pair of gloves
Will    ++...                    i - +1 pair of boots
Stlth   ++                       n - amulet of magic regeneration
HPRegen 0.36/turn                m - +4 ring of slaying
MPRegen 0.62/turn                S - ring "Xanih Jiro" {rElec rN+ Int+10 Dex+6 Slay-2}

@: confused, ambrosia-drunk, flying
A: sickness immunity, AC +12, big wings, negative energy resistance 1,
electricity resistance, torment resistance 1, petrification resistance
a: Renounce Religion, Potion Petition, Call Merchant, Bribe Branch


You were in an ice cave.
You worshipped Gozag.
Gozag was pleased with you.
You visited 4 branches of the dungeon, and saw 24 of its levels.
You also visited: Ossuary and Ice Cave.

You collected 8995 gold pieces.
You spent 3984 gold pieces at shops.
You paid 4067 gold pieces to Gozag.

Inventory:

Hand Weapons
 K - a +0 rapier of venom
 Q - the +10 flail "Celesew" {holy, rCorr SInv}
   (You found it on level 14 of the Dungeon)

   It has been blessed by the Shining One to cause great damage to the undead
   and demons.
   SInv:      It lets you see invisible.
   rCorr:     It protects you from acid and corrosion.
 Z - a +0 vampiric broad axe
Missiles
 r - 4 curare-tipped darts
 w - 27 poisoned darts
 L - 8 datura-tipped darts
 Y - 9 atropa-tipped darts
Armour
 a - +0 steam dragon scales (worn)
 f - a +1 buckler of cold resistance (worn)
 i - a +1 pair of boots (worn)
 y - a +0 pair of gloves (worn)
 U - the +0 mask of the Dragon (worn) {Will+ Slay+3 SInv}
   (You bought it in a shop on level 5 of the Lair of Beasts)

   Slay:      It affects your accuracy & damage with ranged weapons and melee
   (+3).
   SInv:      It lets you see invisible.
   Will:      It increases your willpower.
 W - a scarf of shadows (worn)
Magical Staves
 g - a staff of poison
 t - a staff of conjuration
 V - a staff of cold (weapon)
Jewellery
 k - a ring of fire
 m - a +4 ring of slaying (left hand)
 n - an amulet of magic regeneration (around neck)
 D - a ring of see invisible
 S - the ring "Xanih Jiro" (right hand) {rElec rN+ Int+10 Dex+6 Slay-2}
   (You bought it in a shop on level 5 of the Lair of Beasts)

   [ring of dexterity]

   Int:       It affects your intelligence (+10).
   Dex:       It affects your dexterity (+6).
   Slay:      It affects your accuracy & damage with ranged weapons and melee
   (-2).
   rElec:     It insulates you from electricity.
   rN:        It protects you from negative energy.
Wands
 u - a wand of polymorph (6)
 v - a wand of flame (35)
 A - a wand of acid (2)
 B - a wand of iceblast (7)
 F - a wand of paralysis (18)
 T - a wand of mindburst (5)
 X - a wand of digging (3)
Scrolls
 h - 6 scrolls of magic mapping
 l - 3 scrolls of poison
 p - 5 scrolls of enchant armour
 q - a scroll of torment
 s - 2 scrolls of enchant weapon
 x - 7 scrolls of immolation
 E - 2 scrolls of blinking
 G - 7 scrolls of teleportation
 H - 3 scrolls of amnesia
 I - 2 scrolls of fog
 J - 4 scrolls of fear
 P - a scroll of silence
Potions
 b - 3 potions of magic
 c - 2 potions of heal wounds
 d - 7 potions of cancellation
 e - a potion of resistance
 o - 7 potions of mutation
 z - 17 potions of curing
 C - a potion of invisibility
 M - a potion of haste
 N - a potion of brilliance
 O - 7 potions of might
Miscellaneous
 R - a phantom mirror


   Skills:
 + Level 9.0 Fighting
 + Level 0.4 Staves
 - Level 3.2 Throwing
 + Level 8.9 Armour
 + Level 6.9 Dodging
 - Level 10.1 Stealth
 + Level 3.4 Shields
 * Level 11.5 Spellcasting
 * Level 12.4 Conjurations
 - Level 6.4 Hexes
 - Level 4.0 Summonings
 + Level 2.8 Necromancy
 - Level 6.5 Transmutations
 + Level 2.7 Air Magic
 * Level 14.7 Earth Magic
 + Level 4.6 Evocations


You had 5 spell levels left.
You knew the following spells:

 Your Spells              Type           Power      Damage    Failure   Level
a - Sandblast             Erth           100%       2d20      0%          1
b - Stone Arrow           Conj/Erth      100%       3d13      1%          3
c - Petrify               Tmut/Erth      75%        N/A       1%          4
d - Animate Armour        Summ/Erth      100%       N/A       1%          4
e - Yara's Violent Unrav  Hex/Tmut       29%        3d12      6%          5
f - Lehudib's Crystal Sp  Conj/Erth      42%        10d10     58%         8
g - Airstrike             Air            19%        2d(3-19)  10%         4
h - Dispel Undead         Necr           38%        3d16      10%         4

Your spell library contained the following spells:

 Spells                   Type           Power      Damage    Failure   Level
 Magic Dart               Conj           100%       1d8       1%          1
 Necrotise                Necr           100%       1d9       1%          1
 Shock                    Conj/Air       100%       1d9       1%          1
 Slow                     Hex            100%       N/A       1%          1
 Summon Small Mammal      Summ           100%       N/A       1%          1
 Call Imp                 Summ           47%        N/A       1%          2
 Passwall                 Tmut/Erth      62%        N/A       1%          2
 Searing Ray              Conj           100%       2d8       1%          2
 Confusing Touch          Hex            59%        N/A       1%          3
 Hailstorm                Conj/Ice       75%        3d15      1%          3
 Mephitic Cloud           Conj/Pois/Air  52%        N/A       1%          3
 Tukima's Dance           Hex            59%        N/A       1%          3
 Fulminant Prism          Conj/Hex       35%        3d17      1%          4
 Vampiric Draining        Necr           38%        2d8       2%          3
 Sticky Flame             Conj/Fire      58%        2d7       2%          4
 Borgnjor's Vile Clutch   Necr/Erth      34%        N/A       2%          5
 Apportation              Tloc           38%        N/A       3%          1
 Freeze                   Ice            100%       1d10      3%          1
 Ignite Poison            Fire/Tmut/Pois 34%        N/A       3%          3
 Swiftness                Air            38%        N/A       3%          3
 Frozen Ramparts          Ice            58%        1d9       9%          3
 Passage of Golubria      Tloc           19%        N/A       30%         4
 Death Channel            Necr           19%        N/A       82%         6
 Ignition                 Fire           9%         3d5       100%        8
 Cigotuvi's Dreadful Rot  Necr/Pois/Air  Unusable   N/A       N/A         2
 Animate Dead             Necr           Unusable   N/A       N/A         4

Dungeon Overview and Level Annotations

Branches:
Dungeon (15/15)            Temple (0/1) D:5            Lair (5/5) D:9
  Swamp (2/4) Lair:3        Snake (0/4) Lair:3        Slime (0/5) Lair:4
    Orc (2/2) D:12            Elf (0/3) Orc:2        Vaults (0/5) D:13
 Depths (0/4) D:15        Ossuary (visited)           IceCv (1/1)

Altars:
Ashenzari
Dithmenos
Elyvilon
Fedhas
Gozag
Okawaru
Ru
Trog
Uskayaw
Vehumet
Wu Jian
Xom

Shops:
D:3 (   D:10 *   Orc:2 [(!![   Lair:5 [[[[=

Annotations:
D:14 1 runed translucent door, logorrheac's ghost, journeyman GnWn


Innate Abilities, Weirdness & Mutations

You are immune to sickness and miasma.
Your stone body is resilient. (AC +12)
You are immune to poison.
Your large and strong wings let you fly.
You resist negative energy. (rN+)
You are resistant to electric shocks. (rElec)
You are resistant to unholy torment.
You are immune to petrification.


Message History

You feel strangely unstable.
Casting: Stone Arrow (safe; 1% risk of failure)
Confirm with . or Enter, or press ? or * to list all spells.
Aiming: Stone Arrow (safe; 1% risk of failure)
Press: ? - help, Shift-Dir - straight line, f/p - reaper
Aim: a reaper, wielding a +2 scythe of freezing, wearing a +2 robe of cold resistance and wearing a ring of protection from cold (78% to hit)
The stone arrow hits the reaper!!
The reaper is moderately wounded.
The reaper misses you.
Casting: Stone Arrow (safe; 1% risk of failure)
Confirm with . or Enter, or press ? or * to list all spells.
Aiming: Stone Arrow (safe; 1% risk of failure)
Press: ? - help, Shift-Dir - straight line, f/p - reaper
Aim: a reaper, wielding a +2 scythe of freezing, wearing a +2 robe of cold resistance and wearing a ring of protection from cold (moderately wounded, 78% to hit)
The stone arrow hits the reaper.
The reaper is moderately wounded.
The reaper hits you from afar with a +2 scythe of freezing!!
* * * LOW HITPOINT WARNING * * *
The reaper freezes you.
* * * LOW HITPOINT WARNING * * *
Your surroundings suddenly seem different.
A white very ugly thing comes into view.
The white very ugly thing moves out of view.
You start resting.
A white very ugly thing is nearby!
Casting: Stone Arrow (safe; 1% risk of failure)
Confirm with . or Enter, or press ? or * to list all spells.
Okay, then.
You are confused.
You feel invigorated.
The white very ugly thing gurgles horribly!
You start resting.
A white very ugly thing is nearby!
Okay, then.
You bump into the ice covered rock wall.
The white very ugly thing claws you!
* * * LOW HITPOINT WARNING * * *
The white very ugly thing freezes you! You resist.
You die...
Your body crumbles into a pile of gold.

#### ####.#.## ##..##
#### #.......##
##....#####..####.......#
#.......##....##........#
#.∩.∩.......#...........#
#..........###.........#
##....##..##...#.......#
##..#######§.###u.....#
#### #☼.##@......#
##○§##.....##
###○☼###....## ##°°○##
##..## ##°.☼☼.# #...#
#°°#.#.## ##...#
###☼......# #..##
##.#○.2##..##
#..##..#....#


You could see a white very ugly thing.

Vanquished Creatures
  Gastronok (Lair:2)
  A reaper (IceCv)
  The ghost of DeathPants the Arsonist, a journeyman DrFE of Gozag (Lair:5)
  2 eleionomae
  Nessos (Lair:5)
  A dire elephant (D:15)
  Snorg (Lair:3)
  A fire dragon (D:15)
  Josephine (Orc:1)
  6 vault guards (D:13)
  8 hydras
  A centaur warrior (D:13)
  3 catoblepae (Lair:5)
  3 boulder beetles
  3 alligators (Swamp:1)
  A two-headed ogre (D:8)
  25 death yaks
  A tengu warrior (D:14)
  Urug (Lair:2)
  An orc high priest (Orc:2)
  A goliath frog (Swamp:1)
  A spriggan druid (Swamp:1)
  A swamp dragon (Swamp:1)
  4 bog bodies
  4 spriggan simulacra (IceCv)
  An obsidian statue (IceCv)
  An orange crystal statue (IceCv)
  A lindwurm (Lair:4)
  An orc knight (D:15)
  A wolf spider (D:15)
  4 deep elf pyromancers
  6 manticores
  2 ugly things
  4 orc sorcerers (Orc:2)
  5 cyclopes
  Maurice (D:9)
  A naga mage (D:15)
  3 orange demons (D:12)
  4 black mambas
  6 cane toads
  2 gargoyles
  Psyche (D:9)
  6 komodo dragons
  Maggie (D:9)
  5 rime drakes (Lair:4)
  7 freezing wraiths (IceCv)
  6 ice devils (IceCv)
  2 efreet
  3 anaconda simulacra (IceCv)
  4 polar bears
  A tyrant leech (Swamp:1)
  A troll (shapeshifter) (D:15)
  3 hornets
  8 trolls
  11 dream sheep
  20 blink frogs
  6 slime creatures
  A centaur simulacrum (D:15)
  A yak (shapeshifter) (D:15)
  2 spriggans (Swamp:1)
  4 shadows
  7 wraiths
  6 basilisks
  A dire elephant simulacrum (IceCv)
  43 yaks
  A wyvern (Lair:2)
  17 vampire mosquitoes
  3 steam dragons
  8 swamp worms
  2 wargs
  A harpy simulacrum (IceCv)
  2 hydra simulacra (IceCv)
  3 acid dragons
  17 water moccasins
  3 swamp drakes (Swamp:1)
  2 hornet zombies (Ossuary)
  22 orc warriors
  4 black bears
  7 centaurs
  7 ogres
  6 wolves
  2 kobold brigands
  15 bullfrogs
  A necrophage (D:4)
  9 scorpions
  4 deep troll simulacra (IceCv)
  12 wights
  A water moccasin zombie (Ossuary)
  4 killer bees (D:8)
  2 howler monkeys (D:9)
  10 bullfrog zombies (Ossuary)
  Crazy Yiuf (D:6)
  3 hounds (D:6)
  2 gnoll boudas
  25 orc priests
  3 jellies
  6 iguanas
  31 orc wizards
  5 hell rats (Lair:4)
  Ijyb (D:4)
  2 killer bee zombies (Ossuary)
  12 mummies
  2 howler monkey zombies (Ossuary)
  3 gnolls (D:5)
  7 adders
  2 shadow imps
  2 white imps (D:6)
  2 ufetubi
  3 worms
  4 dart slugs
  40 orcs
  7 endoplasms
  A giant cockroach (D:4)
  4 goblins
  6 hobgoblins
  4 jackals (D:1)
  7 quokkas
  4 ball pythons
  5 bats
  5 frilled lizards
  A goblin zombie (D:6)
  21 kobolds
  A kobold zombie (D:6)
  5 rats
659 creatures vanquished.

Vanquished Creatures (collateral kills)
  Jorgrun (D:12)
  2 vault guards (D:13)
  A manticore (D:12)
  An orange demon (D:12)
  A centaur (D:13)
6 creatures vanquished.

Vanquished Creatures (others)
  A blink frog (Lair:5)
  4 orcs (Orc:1)
  50 fungi
  80 plants
  A withered plant (Ossuary)
136 creatures vanquished.

Grand Total: 801 creatures vanquished

Notes
Turn   | Place    | Note
-------+----------+-------------------------------------------
     0 | D:1      | arthad the Gargoyle Earth Elementalist began the quest for
                  | the Orb.
     0 | D:1      | Reached XP level 1. HP: 10/10 MP: 3/3
    93 | D:1      | Reached XP level 2. HP: 15/15 MP: 1/5
   303 | D:1      | Reached skill level 1 in Transmutations
   556 | D:1      | Found a faded altar of an unknown god.
   787 | D:1      | Reached XP level 3. HP: 20/20 MP: 3/6
  1212 | D:2      | Learned a level 3 spell: Stone Arrow
  1293 | D:2      | Reached skill level 4 in Earth Magic
  1510 | D:2      | Reached XP level 4. HP: 24/24 MP: 5/7
  1682 | D:3      | Found a blossoming altar of Fedhas.
  1811 | D:3      | Found a bloodstained altar of Trog.
  1821 | D:3      | Reached skill level 1 in Armour
  1832 | D:3      | Reached skill level 1 in Fighting
  1864 | D:3      | Found Neyloqer's Weapon Shop.
  2167 | D:4      | Noticed a black bear
  2171 | D:4      | Killed a black bear
  2172 | D:4      | Reached XP level 5. HP: 29/29 MP: 1/9
  2199 | D:4      | Reached XP level 6. HP: 21/34 MP: 7/10
  2286 | D:4      | Reached skill level 5 in Earth Magic
  2363 | D:4      | Noticed Ijyb
  2366 | D:4      | Paralysed by Ijyb for 4 turns
  2370 | D:4      | Killed Ijyb
  2375 | D:4      | Reached XP level 7. HP: 33/39 MP: 8/12
  2409 | D:4      | Found an opulent altar of Gozag.
  2448 | D:4      | Became a worshipper of Gozag Ym Sagoz the Greedy
  2688 | D:4      | Found a radiant altar of Vehumet.
  2914 | D:4      | Found an ornate altar of the Wu Jian Council.
  2952 | D:5      | Entered Level 5 of the Dungeon
  3036 | D:5      | Found a shadowy altar of Dithmenos.
  3247 | D:5      | Found a staircase to the Ecumenical Temple.
  3259 | D:5      | Reached skill level 5 in Stealth
  3259 | D:5      | Reached skill level 6 in Earth Magic
  3259 | D:5      | Reached XP level 8. HP: 45/45 MP: 11/14
  3561 | D:6      | Found a sand-covered staircase.
  3568 | Ossuary  | Entered an ossuary
  3664 | Ossuary  | Reached skill level 1 in Conjurations
  3721 | Ossuary  | Reached XP level 9. HP: 27/51 MP: 8/16
  3723 | Ossuary  | Reached skill level 5 in Spellcasting
  3813 | Ossuary  | Reached skill level 7 in Earth Magic
  4976 | D:6      | Found a runed translucent door.
  4977 | D:6      | Noticed Crazy Yiuf
  4981 | D:6      | Killed Crazy Yiuf
  5214 | D:7      | Learned a level 4 spell: Petrify
  5219 | D:7      | Learned a level 4 spell: Animate Armour
  5225 | D:7      | Learned a level 5 spell: Yara's Violent Unravelling
  5258 | D:7      | Found a hide-covered altar of Uskayaw.
  5408 | D:7      | Reached skill level 8 in Earth Magic
  5510 | D:8      | Found an iron altar of Okawaru.
  5715 | D:8      | Reached XP level 10. HP: 31/58 MP: 16/18
  6080 | D:8      | Noticed a two-headed ogre
  6083 | D:8      | Killed a two-headed ogre
  6084 | D:8      | Reached skill level 1 in Hexes
  6084 | D:8      | Reached skill level 1 in Summonings
  6546 | D:9      | Reached skill level 5 in Conjurations
  6549 | D:9      | Found a staircase to the Lair.
  6560 | D:9      | Noticed Maurice
  6569 | D:9      | Killed Maurice
  6607 | D:9      | Reached skill level 5 in Fighting
  6908 | D:9      | Reached skill level 9 in Earth Magic
  6939 | D:9      | Reached skill level 5 in Armour
  6974 | D:9      | Reached XP level 11. HP: 48/64 MP: 11/21
  6977 | D:9      | Noticed a cyclops
  6982 | D:9      | Killed a cyclops
  7081 | D:9      | Found a white marble altar of Elyvilon.
  7116 | D:9      | Noticed Psyche
  7119 | D:9      | Killed Psyche
  7254 | D:9      | Noticed Maggie
  7260 | D:9      | Killed Maggie
  7644 | D:10     | Entered Level 10 of the Dungeon
  8143 | D:10     | Found Xuetwesh's CLEARANCE SALE!.
  8151 | D:10     | Bought 3 scrolls of magic mapping for 112 gold pieces
  8151 | D:10     | Bought a scroll of blinking for 37 gold pieces
  8361 | D:11     | Noticed a manticore
  8364 | D:11     | Killed a manticore
  8541 | D:11     | You fall into a shaft and drop 2 floors!
  8745 | D:12     | Noticed a red ugly thing
  8750 | D:12     | Killed a red ugly thing
  8751 | D:12     | Reached skill level 10 in Earth Magic
  9000 | D:11     | Noticed a cyclops
  9004 | D:11     | Killed a cyclops
  9081 | D:11     | Reached XP level 12. HP: 70/70 MP: 14/23
  9654 | D:12     | Learned a level 8 spell: Lehudib's Crystal Spear
  9786 | D:12     | Reached skill level 5 in Dodging
 10578 | D:12     | Found a staircase to the Orcish Mines.
 10687 | D:12     | Reached skill level 11 in Earth Magic
 11048 | D:13     | Found a broken altar of Ashenzari.
 11068 | D:13     | Noticed a vault guard
 11068 | D:13     | Noticed a vault guard
 11068 | D:13     | Noticed a vault guard
 11068 | D:13     | Noticed a vault guard
 11069 | D:13     | Found a gate to the Vaults.
 11069 | D:13     | Noticed a vault guard
 11069 | D:13     | Noticed a vault guard
 11069 | D:13     | Noticed a vault guard
 11070 | D:13     | Noticed a vault guard
 11074 | D:13     | Killed a vault guard
 11403 | D:13     | Killed a vault guard
 11545 | D:13     | Killed a vault guard
 11546 | D:13     | Reached XP level 13. HP: 76/76 MP: 14/25
 11731 | D:13     | Killed a vault guard
 11732 | D:13     | Reached skill level 5 in Transmutations
 11825 | D:13     | Killed a vault guard
 11826 | D:13     | Reached skill level 1 in Evocations
 11927 | D:13     | Killed a vault guard
 11998 | D:13     | Killed a vault guard
 12386 | D:13     | Killed a vault guard
 13028 | D:14     | Reached skill level 10 in Conjurations
 13028 | D:14     | Reached skill level 12 in Earth Magic
 13028 | D:14     | Gained mutation: Your large and strong wings let you fly.
                  | [Gargoyle growth]
 13028 | D:14     | Reached XP level 14. HP: 82/82 MP: 27/27
 13211 | D:14     | Found a runed translucent door.
 13215 | D:14     | Noticed logorrheac's ghost (journeyman GnWn)
 13240 | D:14     | Identified the +10 flail "Celesew" {holy, rCorr SInv}
 13653 | D:15     | Entered Level 15 of the Dungeon
 14467 | D:15     | Reached skill level 10 in Spellcasting
 14467 | D:15     | Reached skill level 5 in Hexes
 14559 | D:15     | Found a staircase to the Depths.
 14559 | D:15     | Noticed a dire elephant
 14568 | D:15     | Killed a dire elephant
 15137 | Lair:1   | Entered Level 1 of the Lair of Beasts
 15213 | Lair:1   | Reached skill level 13 in Earth Magic
 15805 | Lair:1   | Found a sacrificial altar of Ru.
 15885 | Lair:1   | Identified 2 scrolls of acquirement
 15886 | Lair:1   | Acquired 526 gold pieces
 15888 | Lair:1   | Acquired 862 gold pieces
 16246 | Lair:2   | Noticed Gastronok
 16255 | Lair:2   | Killed Gastronok
 16948 | Lair:2   | Noticed Urug
 16957 | Lair:2   | Killed Urug
 16958 | Lair:2   | Reached XP level 15. HP: 77/87 MP: 8/29
 17808 | Lair:3   | Found a staircase to the Snake Pit.
 18208 | Lair:3   | Noticed Snorg
 18220 | Lair:3   | Killed Snorg
 18641 | Lair:3   | Found a staircase to the Swamp.
 18867 | Lair:4   | Learned a level 4 spell: Airstrike
 18872 | Lair:4   | Learned a level 4 spell: Dispel Undead
 19512 | Lair:4   | Found a staircase to the Slime Pits.
 19810 | Lair:4   | Reached skill level 1 in Throwing
 19827 | Lair:4   | Reached skill level 1 in Necromancy
 19835 | Lair:4   | Reached skill level 1 in Air Magic
 20044 | Lair:4   | Identified the +1 robe of Disaster {-Cast Str+4 SInv}
 20624 | Lair:5   | Entered Level 5 of the Lair of Beasts
 21421 | Lair:5   | Found a runed translucent door.
 21443 | Lair:5   | Noticed DeathPants's ghost (journeyman DrFE)
 21558 | Lair:5   | Noticed Nessos
 21569 | Lair:5   | Killed Nessos
 21570 | Lair:5   | Reached skill level 10 in Stealth
 21670 | Lair:5   | Reached skill level 14 in Earth Magic
 21747 | Lair:5   | Reached XP level 16. HP: 94/94 MP: 3/31
 23110 | Lair:5   | Bought a steaming scale mail for 279 gold pieces
 23110 | Lair:5   | Identified the +2 scale mail "Zeam" {rPois Str+7 Int-2}
                  | (You bought it in a shop on level 5 of the Lair of Beasts)
 23113 | Lair:5   | Bought a glowing buckler for 277 gold pieces
 23124 | Lair:5   | Bought an encrusted ring mail for 333 gold pieces
 23124 | Lair:5   | Identified the +2 ring mail "Jaecash" {rCorr} (You bought
                  | it in a shop on level 5 of the Lair of Beasts)
 23131 | Lair:5   | Bought a smoking scale mail for 243 gold pieces
 23131 | Lair:5   | Identified the +1 scale mail of the Monkey {rF+ SInv} (You
                  | bought it in a shop on level 5 of the Lair of Beasts)
 23136 | Lair:5   | Bought the +0 mask of the Dragon {Will+ Slay+3 SInv} for
                  | 1135 gold pieces
 23136 | Lair:5   | Found the +0 mask of the Dragon {Will+ Slay+3 SInv}
 23161 | Lair:5   | Bought an ominously black robe for 176 gold pieces
 23161 | Lair:5   | Identified the +0 robe of Viequekk {Rampage rF- rCorr} (You
                  | bought it in a shop on level 5 of the Lair of Beasts)
 23163 | Lair:5   | Bought a crude chain mail for 351 gold pieces
 23163 | Lair:5   | Identified the +6 chain mail of Ceompe {Dex+4} (You bought
                  | it in a shop on level 5 of the Lair of Beasts)
 23479 | Orc:1    | Entered Level 1 of the Orcish Mines
 23484 | Orc:1    | Noticed Jorgrun
 24647 | D:12     | Killed Jorgrun
 24648 | D:12     | Reached skill level 1 in Shields
 24851 | Orc:1    | Noticed Josephine
 24858 | Orc:1    | Killed Josephine
 25259 | Orc:2    | Entered Level 2 of the Orcish Mines
 25490 | Orc:2    | Found Gunimn's Armour Shop.
 25671 | Orc:2    | HP: 3/93 [sun demon[an orc high priest] (12)]
 26182 | Orc:2    | Found Humiczef's Weapon Emporium.
 26184 | Orc:2    | Found Jowath's Distillery.
 26186 | Orc:2    | Found Wukket's Antique Armour Emporium.
 26186 | Orc:2    | Found Deunaemu's Distillery.
 26306 | Orc:2    | Found a staircase to the Elven Halls.
 26503 | Orc:1    | Found a shimmering altar of Xom.
 26597 | Orc:2    | Upgraded the game from 0.30-a0-568-g124715a40b to
                  | 0.30-a0-571-gdf30a72648
 26628 | Orc:2    | Bought a shiny buckler for 240 gold pieces
 26962 | Lair:5   | Bought the ring "Xanih Jiro" {rElec rN+ Int+10 Dex+6
                  | Slay-2} for 801 gold pieces
 26983 | Lair:5   | Killed DeathPants's ghost
 26991 | Lair:5   | Identified the +5 sling "Rucut" {antimagic, rElec rF+}
 27144 | Swamp:1  | Entered Level 1 of the Swamp
 28290 | Swamp:2  | Found a frozen archway.
 28335 | IceCv    | Entered an ice cave
 29628 | IceCv    | Slain by a white very ugly thing

Illustrated notes

Levels and vault maps discovered:
D:1:      tarquinn_simple_flora_water_b, layout_basic,
          shapermc_ecumenical_altar_mp_urbaneastern, minmay_misc_feat_chi,
          dk_noncrumbling_4
D:2:      layout_basic
D:3:      layout_basic, fedhas_altar_3, mainiacjoe_overflow_small_starburst,
          serial_shops, nicolae_diamond_shop
D:4:      layout_rooms, nicolae_vehumet_altar_sigil, nzn_wu_jian_council_hall,
          nicolae_gozag_seed_capital, serial_corexii_hall,
          corexii_hall_statues_t, corexii_hall_statues_i,
          chequers_hall_statues_y, chequers_hall_statues_y,
          ebering_dispersal_statue_hall, minmay_ruptured, uniq_ijyb
D:5:      layout_rooms, nicolae_dithmenos_through_a_glass_darkly,
          minmay_temple_entry_hall
D:6:      layout_gridville, nicolae_ossuary_entry_giza, uniq_crazy_yiuf_cottage
D:7:      layout_rooms, mainiacjoe_overflow_cross_hatched, minmay_small_thing
D:8:      layout_loops_ring, okawaru_gym_becter, corexii_hall_statues_l
D:9:      layout_loops_corners, elyvilon_altar_3, due_lair_maze_entry_diamond,
          grunt_ministairs_11, minmay_sticks_and_stones, uniq_maggie,
          uniq_psyche, uniq_maurice
D:10:     layout_small_grid, nicolae_shop_clearance
D:11:     layout_loops_corners, dreamdust_gnoll_shepherd
D:12:     layout_long_grid, david_orc_1_choice, einodemon_barbed_minivault
D:13:     layout_layer_cave, erik_vaults_2, hangedman_decor_clover_reticule,
          ashenzari_conservatory_becter
D:14:     layout_gridville, minmay_misc_feat_room, ebering_ghost_reflecting_pool
D:15:     hangedman_depths_entry_try_elsewhere_first, layout_loops_ring,
          hex_medium
Lair:1:   layout_cellular_growth, basic_altar
Lair:2:   layout_regular_city, grunt_megastairs_4, uniq_urug, uniq_gastronok
Lair:3:   layout_regular_city, palyth_hydra_swamp_entry, dummy_snake_entry,
          uniq_snorg
Lair:4:   layout_cave_shapes, slime_entry_1, minmay_stone_trees_small,
          minmay_lair_drake_nest
Lair:5:   evilmike_catoblepas_cave, layout_concentric_octagons,
          ebering_ghost_reflecting_pool, serial_bayou_shore_b, uniq_nessos
Swamp:1:  layout_basic_swamp, serial_swamp_ruin, evilmike_swamp_ruin_house_3,
          evilmike_swamp_ruin_house_4, swamp_pool5
Swamp:2:  layout_basic_swamp, portal_ice_cave_entry_pillars_four,
          nicolae_swamp_small_spring, swamp_pool1
Orc:1:    layout_caves, basic_altar, uniq_jorgrun, uniq_josephine
Orc:2:    st_orc_mages, layout_diamond_mine, serial_shops,
          nicolae_shop_behind_doors
IceCv:    ice_cave_small_demon

Skill      XL: |  1  2  3  4  5  6  7  8  9 10 11 12 13 14 15 16 |
---------------+-------------------------------------------------+-----
Transmutations | 1 2 3 4 5 6 |  6.5
Earth Magic    | 4 5 6 8 9 10 11 12 13 14 | 14.7
Armour         | 1 2 3 4 5 6 7 8 |  8.9
Fighting       | 1 2 3 4 5 6 7 8 9 |  9.0
Stealth        | 3 4 5 6 7 8 9 10 | 10.1
Dodging        | 2 3 4 5 6 |  6.9
Spellcasting   | 3 4 5 6 7 8 9 10 11 | 11.5
Conjurations   | 2 4 5 7 8 10 11 12 | 12.4
Hexes          | 2 3 4 5 6 |  6.4
Summonings     | 2 3 4 |  4.0
Evocations     | 1 2 3 4 |  4.6
Throwing       | 2 3 |  3.2
Necromancy     | 1 2 |  2.8
Air Magic      | 1 2 |  2.7
Shields        | 3 |  3.4
Staves         | |  0.4

Action                   |  1- 3 |  4- 6 |  7- 9 | 10-12 | 13-15 | 16-18 || total
-------------------------+-------+-------+-------+-------+-------+-------++-------
Melee: Unarmed           |     5 |       |       |       |       |       ||     5
       Staff             |     4 |       |    17 |    12 |    12 |     9 ||    54
       Punch             |       |       |       |       |       |     1 ||     1
Throw: Dart              |       |       |       |       |     5 |       ||     5
 Cast: Sandblast         |    61 |    50 |   199 |    90 |   155 |   200 ||   755
       Stone Arrow       |       |     4 |    21 |   237 |   467 |   373 ||  1102
       Animate Armour    |       |       |       |     3 |     8 |     1 ||    12
       Airstrike         |       |       |       |       |     1 |     1 ||     2
       Yara's Violent Un |       |       |       |       |       |     2 ||     2
Invok: Call Merchant     |       |       |       |       |       |     5 ||     5
Evoke: Wand              |       |       |       |     1 |     8 |     3 ||    12
  Use: Scroll            |       |       |    13 |    12 |    10 |     9 ||    44
       Potion            |       |       |       |     2 |     5 |     9 ||    16
Armor: Robe              |    20 |     6 |    71 |     7 |       |       ||   104
       Steam dragon scal |       |       |       |    73 |   185 |   214 ||   472
Dodge: Dodged            |    30 |    12 |    78 |   123 |   221 |   248 ||   712
Block: Buckler           |       |       |       |       |       |    74 ||    74

Table legend: (Time is in decaauts)
 A = Elapsed time spent in this place.
 B = Non-inter-level travel time spent in this place.
 C = Inter-level travel time spent in this place.
 D = Time resting spent in this place.
 E = Time spent auto-exploring this place.
 F = Levels seen in this place.
 G = Mean time per level.
                   A        B        C        D        E       F      G
               +--------+--------+--------+--------+--------+-----+--------+
         Total |  30109 |  28295 |   1814 |   4487 |  18641 |  26 | 1158.0 |
       Dungeon |  16488 |  15345 |   1143 |   2264 |  10565 |  15 | 1099.2 |
          Lair |   8598 |   8012 |    586 |    842 |   5706 |   5 | 1719.6 |
         Swamp |   1208 |   1190 |     18 |    167 |    769 |   2 |  604.0 |
  Orcish Mines |   1907 |   1841 |     66 |    272 |   1117 |   2 |  953.5 |
       Ossuary |    599 |    599 |      0 |     11 |    398 |   1 |  599.0 |
      Ice Cave |   1308 |   1308 |      0 |    930 |     86 |   1 | 1308.0 |
               +--------+--------+--------+--------+--------+-----+--------+

Top non-repeatable levels by time:
    D:12: 2876 daAuts
  Lair:5: 2487 daAuts
    D:13: 2168 daAuts
  Lair:3: 1982 daAuts
  Lair:4: 1851 daAuts
     D:9: 1468 daAuts
   Orc:2: 1362 daAuts
    D:15: 1312 daAuts
   IceCv: 1308 daAuts
  Lair:1: 1251 daAuts
 Swamp:1: 1162 daAuts
     D:1: 1134 daAuts
     D:6: 1078 daAuts
    D:11: 1076 daAuts
  Lair:2: 1025 daAuts
